[Event "Team 45 45 League T66"]
[Site "Internet Chess Club"]
[Date "2015.10.04"]
[Round "5"]
[White "ANGELLR"]
[Black "RubberDuck"]
[Result "1/2-1/2"]
[WhiteElo "1924"]
[BlackElo "1845"]
[Opening "Grünfeld: Stockholm variation"]
[ECO "D80"]
[Time "08:01:11"]
[TimeControl "2700+45"]

1. d4 Nf6 2. c4 g6 3. Nc3 d5 4. Bg5 Ne4 5. Nxe4 dxe4 6. e3 Bg7 7. Qd2 c5 8. d5
Qb6 9. Rb1 Nd7 10. Ne2 Ne5 11. Nc3 f5 12. Be2 Bd7 13. Qc2 a6 14. O-O Qd6 15.
Rfd1 O-O 16. a3 Rab8 17. b4 b5 18. bxc5 Qxc5 19. cxb5 Bxb5 20. Bxb5 axb5 21. Qb3
Nf7 22. Rdc1 Rfc8 23. Ne2 Qa7 24. Bf4 Rxc1+ 25. Rxc1 Nd6 26. h3 Qa4 27. Rb1 Ra8
28. Bxd6 exd6 29. Nf4 Be5 30. Ne6 Qxb3 31. Rxb3 h5 32. g3 Ra7 33. Rxb5 Rxa3 34.
Rb8+ Kf7 35. Rf8+ Ke7 36. Rg8 Kf7 37. Rb8 Rd3 38. Rb7+ Ke8 39. Kg2 Rd2 40. h4
Rd1 41. Rh7 Rd2 42. Ra7 Rd1 43. Rb7 Rd2 44. Rh7 Rd1 45. Ra7 Rd2 46. Rh7 Rd1 47.
Ra7 Rd2 48. Rh7 {Game drawn by repetition} 1/2-1/2

[Event "Team 45 45 League T66"]
[Site "Internet Chess Club"]
[Date "2015.10.04"]
[Round "5"]
[White "fledermaus"]
[Black "primerpaso"]
[Result "0-1"]
[WhiteElo "1911"]
[BlackElo "1931"]
[Opening "Queen's pawn game"]
[ECO "D02"]
[Time "16:03:11"]
[TimeControl "2700+45"]

1. Nf3 d5 2. d4 g6 3. c4 c6 4. Qb3 Nf6 5. Bf4 Bg7 6. e3 O-O 7. Nc3 Qa5 8. Bd3
Nbd7 9. O-O dxc4 10. Bxc4 e6 11. e4 Re8 12. e5 Nd5 13. Bxd5 exd5 14. Be3 Qd8 15.
Nd2 Nf8 16. f4 f5 17. Rac1 b6 18. Rf2 Bb7 19. Nf3 h6 20. Rd2 Ne6 21. Qc2 Rf8 22.
Ne2 Qe7 23. a3 Rac8 24. b4 Ba6 25. Qb1 Bc4 26. Ng3 Rc7 27. Rb2 Rfc8 28. Nd2 b5
29. Nb3 Bf8 30. Nc5 Qf7 31. Nxe6 Qxe6 32. Rf2 a5 33. Bd2 a4 34. Nf1 Rg7 35. Ne3
Be7 36. Kh1 Rf8 37. Rg1 g5 38. fxg5 Bxg5 39. Nxc4 dxc4 40. Rgf1 Qd5 41. Bxg5
Rxg5 42. Qb2 Rg4 43. Rxf5 Rxf5 44. Rxf5 Rxd4 45. Qe2 Qe4 46. Qf1 Qxf5 {White
resigns} 0-1

[Event "Team 45 45 League T66"]
[Site "Internet Chess Club"]
[Date "2015.10.01"]
[Round "5"]
[White "kabindra"]
[Black "jonesey"]
[Result "0-1"]
[WhiteElo "1775"]
[BlackElo "1962"]
[Opening "Sicilian: Smith-Morra gambit"]
[ECO "B21"]
[Time "10:07:20"]
[TimeControl "2700+45"]

1. e4 c5 2. d4 cxd4 3. c3 d5 4. exd5 Qxd5 5. cxd4 Nc6 6. Nf3 Bg4 7. Nc3 Bxf3 8.
Nxd5 Bxd1 9. Nc7+ Kd7 10. Nxa8 Bh5 11. Bb5 e6 12. O-O Bd6 13. Be3 Ne7 14. Nb6+
axb6 15. f3 Nd5 16. Bf2 Bg6 17. a3 Bf4 18. Rfe1 Rd8 19. g3 Bd2 20. Re2 Bg5 21.
f4 Bf6 22. Rd2 Nc7 23. Be2 Na5 24. Re1 Nb3 {White resigns} 0-1

[Event "Team 45 45 League T66"]
[Site "Internet Chess Club"]
[Date "2015.10.03"]
[Round "5"]
[White "Whalen"]
[Black "Portola"]
[Result "1-0"]
[WhiteElo "1709"]
[BlackElo "1813"]
[Opening "QGD: exchange, positional line"]
[ECO "D35"]
[Time "13:00:10"]
[TimeControl "2700+45"]

1. d4 d5 2. c4 e6 3. Nc3 Nf6 4. cxd5 exd5 5. Bg5 Be7 6. e3 Nbd7 7. Bd3 O-O 8.
Nf3 Re8 9. Qc2 h6 10. Bf4 c5 11. O-O a6 12. a4 Qa5 13. b3 Nf8 14. dxc5 Qxc5 15.
Rfc1 Be6 16. Qb2 Qb6 17. a5 Qa7 18. Na4 N6d7 19. Nd4 Rac8 20. Qd2 Bf6 21. b4
Rxc1+ 22. Rxc1 Ne5 23. Be2 Rd8 24. Nb6 Nfg6 25. Bg3 Kh8 26. Rc7 Kg8 27. Qc1 Nf8
28. Bxe5 Bxe5 29. Nc6 Bxc7 30. Nxa7 Bb8 31. Nac8 Ng6 32. Bf3 Ne5 33. Ne7+ Kf8
34. Nexd5 Bd6 35. Be2 Bxd5 36. Nxd5 Nc6 37. Bxa6 Ne5 38. Bxb7 Nd3 39. Qc3 Ne5
40. b5 Bb8 41. a6 Nd7 42. a7 Bxa7 43. Qc7 Bb6 44. Nxb6 {Black resigns} 1-0

[Event "Team 45 45 League T66"]
[Site "Internet Chess Club"]
[Date "2015.10.02"]
[Round "5"]
[White "LittleButton"]
[Black "lacibacsi"]
[Result "0-1"]
[WhiteElo "1831"]
[BlackElo "2079"]
[Opening "King's Indian: Torre attack"]
[ECO "A48"]
[Time "15:34:40"]
[TimeControl "2700+45"]

1. d4 Nf6 2. Nf3 g6 3. Bg5 Bg7 4. Nbd2 O-O 5. c3 d6 6. e4 h6 7. Bh4 g5 8. Bg3
Nh5 9. Bc4 Bg4 10. Qb3 Qc8 11. Ng1 Nc6 12. Qc2 e5 13. f3 Bd7 14. d5 Ne7 15. Ne2
f5 16. O-O-O b5 17. Bd3 a5 18. Kb1 b4 19. Bf2 Qb7 20. c4 a4 21. Qc1 Ng6 22. Be3
Nhf4 23. Nxf4 exf4 24. Bf2 Ne5 25. Be2 c6 26. Bd4 cxd5 27. exd5 Nd3 28. Bxd3
Bxd4 29. Rde1 Rae8 30. Rxe8 Rxe8 31. Re1 Re3 32. Qd1 Rxd3 33. Re7 Re3 34. Nf1
{White resigns} 0-1

[Event "Team 45 45 League T66"]
[Site "Internet Chess Club"]
[Date "2015.10.03"]
[Round "5"]
[White "Tobiasdelmonte"]
[Black "LazyPeon"]
[Result "1/2-1/2"]
[WhiteElo "1794"]
[BlackElo "1734"]
[Opening "King's Indian: Torre attack"]
[ECO "A48"]
[Time "16:00:47"]
[TimeControl "2700+45"]

1. d4 Nf6 2. Nf3 g6 3. Bg5 Bg7 4. Nc3 O-O 5. Qd2 d6 6. O-O-O Nbd7 7. h4 Ng4 8.
e4 h6 9. Bf4 c5 10. Kb1 b6 11. h5 cxd4 12. Nxd4 g5 13. Nc6 Qe8 14. Nd5 Bb7 15.
Nc7 Bxc6 16. Nxe8 Rfxe8 17. Bg3 a5 18. Bc4 Nge5 19. Bd5 Rec8 20. f4 Bxd5 21.
fxe5 Bxe4 22. Rc1 Nxe5 23. Qe3 Nc4 24. Qf2 Nxb2 25. Rhf1 f5 26. Qe2 Na4 27. Be1
Rc5 28. g4 Rac8 29. gxf5 d5 30. Rf2 Rc4 31. Rf3 Bxf3 32. Qxf3 R8c5 33. c3 d4 34.
Qa8+ Kf7 35. Qe4 dxc3 36. Qe6+ Kf8 37. Kc2 Rb4 38. Rd1 Rd4 39. Rxd4 Bxd4 40.
Qxh6+ Ke8 41. Qxg5 Bf6 42. Qg8+ Kd7 43. Qe6+ Ke8 44. h6 Re5 45. Qc6+ Kf7 46.
Qc4+ e6 47. Qc7+ Ke8 48. Qc6+ Ke7 49. Qc7+ Ke8 50. fxe6 Rxe6 51. Qc8+ Ke7 52.
Qc7+ Ke8 53. Bg3 Nc5 54. h7 Re2+ 55. Kd1 Rd2+ 56. Ke1 Nd3+ 57. Kf1 c2 58. Qc6+
Kf7 59. Qd7+ Kg6 60. Qe8+ Kxh7 61. Qf7+ Bg7 62. Qh5+ Kg8 63. Qe8+ Kh7 64. Qe4+
Kg8 65. Qe8+ Kh7 {Game drawn by mutual agreement} 1/2-1/2

[Event "Team 45 45 League T66"]
[Site "Internet Chess Club"]
[Date "2015.10.03"]
[Round "5"]
[White "Stiltzkin"]
[Black "passedpawn"]
[Result "1-0"]
[WhiteElo "1834"]
[BlackElo "1819"]
[Opening "Catalan: closed, main line"]
[ECO "E09"]
[Time "14:00:38"]
[TimeControl "2700+45"]

1. d4 Nf6 2. c4 e6 3. Nf3 d5 4. g3 c6 5. Qc2 Nbd7 6. Bg2 Be7 7. O-O O-O 8. Nbd2
b6 9. e4 dxe4 10. Nxe4 Nxe4 11. Qxe4 Bb7 12. Rd1 Re8 13. Bf4 Qc8 14. Qc2 Bf6 15.
Ng5 Bxg5 16. Bxg5 f6 17. Bc1 e5 18. dxe5 Nxe5 19. c5 Rd8 20. Qb3+ Kh8 21. Rxd8+
Qxd8 22. Bf4 Qd4 23. Bxe5 fxe5 24. Rd1 Qxc5 25. Qf7 Ba6 26. Qxa7 Qf8 27. Qxb6
Bb5 28. a3 Qf6 29. Qc5 Rd8 30. Rxd8+ Qxd8 31. h3 Kg8 32. Bxc6 Qd1+ 33. Kh2 Bxc6
34. Qxc6 h6 35. Qe8+ Kh7 36. Qxe5 Qf3 37. Qe3 {Black resigns} 1-0

[Event "Team 45 45 League T66"]
[Site "Internet Chess Club"]
[Date "2015.10.03"]
[Round "5"]
[White "fireball"]
[Black "Bryant-L"]
[Result "0-1"]
[WhiteElo "1634"]
[BlackElo "1733"]
[Opening "Modern defense"]
[ECO "A40"]
[Time "09:05:06"]
[TimeControl "2700+45"]

1. d4 g6 2. c4 Bg7 3. g3 d6 4. Bg2 Nc6 5. Nf3 e5 6. d5 Nce7 7. Qd3 f5 8. e4 Nf6
9. Nfd2 O-O 10. Nc3 h6 11. O-O g5 12. f4 gxf4 13. gxf4 exf4 14. Rxf4 Ng6 15. Rf1
Ne5 16. Qc2 Nfg4 17. Nf3 Nxf3+ 18. Bxf3 Bd4+ 19. Kg2 Qh4 20. h3 fxe4 21. Qxe4
Ne3+ 22. Bxe3 Bxh3+ 23. Kh1 Bg4+ 24. Kg2 Qh3+ 25. Kg1 Bxe3+ 26. Qxe3 Qg3+ 27.
Kh1 Bxf3+ 28. Rxf3 Qxf3+ 29. Qxf3 Rxf3 30. Nb5 Rf7 31. Rg1+ Kh7 32. a4 a6 33.
Nd4 Raf8 34. Ne6 Rg8 35. Rc1 h5 36. Rc3 Kh6 37. b3 h4 38. Kh2 Kh5 39. Kh3 Rf1
40. Kh2 Rfg1 41. Nf4+ Kh6 42. Re3 R1g3 43. Re6+ Kh7 44. Re7+ R8g7 45. Rxg7+ Rxg7
46. Ne6 Re7 47. Kh3 Kg6 48. Kxh4 Kf5 49. Kg3 c6 50. Nd4+ Ke4 51. Nc2 cxd5 52.
cxd5 Kxd5 53. Nb4+ Kc5 54. Nd3+ Kd4 55. Nb2 Kc3 56. Nc4 d5 57. Na5 Kb4 {White
resigns} 0-1

[Event "Team 45 45 League T66"]
[Site "Internet Chess Club"]
[Date "2015.10.01"]
[Round "5"]
[White "G-force"]
[Black "junard"]
[Result "1-0"]
[WhiteElo "2134"]
[BlackElo "1974"]
[Opening "Sicilian: closed"]
[ECO "B23"]
[Time "21:18:49"]
[TimeControl "2700+45"]

1. e4 c5 2. Nc3 e6 3. f4 a6 4. g3 b5 5. Bg2 Bb7 6. d3 b4 7. Na4 d5 8. exd5 Bxd5
9. Nf3 Nf6 10. O-O Be7 11. c4 Bc6 12. b3 O-O 13. Be3 Nbd7 14. h3 Qc7 15. a3 a5
16. Qe2 Rad8 17. Nd2 Bxg2 18. Kxg2 Nb8 19. axb4 axb4 20. Nf3 Nfd7 21. d4 cxd4
22. Nxd4 Bf6 23. Rad1 e5 24. Nb5 Qc6+ 25. Kh2 exf4 26. Bxf4 Rfe8 27. Qf2 Nf8 28.
Nd6 Re6 29. c5 Ng6 30. Be3 Rd7 31. Nb6 Ra7 32. Nd5 Nd7 33. Nxb4 Qc7 34. Nb5 Qb8
35. Nxa7 Qxa7 36. c6 Rxe3 37. cxd7 {Black resigns} 1-0

[Event "Team 45 45 League T66"]
[Site "Internet Chess Club"]
[Date "2015.10.05"]
[Round "5"]
[White "modiglani"]
[Black "fledermaus"]
[Result "1/2-1/2"]
[WhiteElo "1942"]
[BlackElo "1912"]
[Opening "Réti opening"]
[ECO "A05"]
[Time "14:01:58"]
[TimeControl "2700+45"]

1. Nf3 Nf6 2. g3 d5 3. Bg2 c6 4. O-O Bf5 5. d3 Nbd7 6. Nbd2 e5 7. Re1 h6 8. Nh4
Be6 9. e4 dxe4 10. dxe4 Bc5 11. Nf5 Bxf5 12. exf5 Qb6 13. Qe2 O-O-O 14. Nc4 Qc7
15. Be3 Bxe3 16. Qxe3 Kb8 17. Nxe5 Nxe5 18. Qxe5 Qxe5 19. Rxe5 Rd2 20. Rc5 Re8
21. Bf3 Nd7 22. Rc3 Ne5 23. f6 g6 24. Kg2 Nxf3 25. Kxf3 Re6 26. Rf1 Rxf6+ {Game
drawn by mutual agreement} 1/2-1/2

[Event "Team 45 45 League T66"]
[Site "Internet Chess Club"]
[Date "2015.10.06"]
[Round "5"]
[White "jonesey"]
[Black "gera-carp75"]
[Result "1-0"]
[WhiteElo "1977"]
[BlackElo "1926"]
[Opening "English: symmetrical, Botvinnik system"]
[ECO "B20"]
[Time "20:03:59"]
[TimeControl "2700+45"]

1. e4 c5 2. c4 Nc6 3. Nc3 g6 4. g3 Bg7 5. Bg2 d6 6. Nge2 e6 7. d3 Nge7 8. Rb1
O-O 9. O-O a5 10. a3 b6 11. Bg5 f6 12. Be3 Bb7 13. d4 cxd4 14. Nxd4 Nxd4 15.
Qxd4 Nc6 16. Qxb6 Qxb6 17. Bxb6 Ra6 18. c5 Ne5 19. Rfd1 Nc4 20. Bf1 d5 21. exd5
exd5 22. Nxd5 Bxd5 23. Rxd5 Nxb6 24. Bxa6 Nxd5 25. Bc4 Rd8 26. Rd1 Kf8 27. Rxd5
Rxd5 28. Bxd5 Ke7 29. b4 a4 30. b5 f5 31. b6 Bd4 32. b7 Be5 33. Bc6 Bb8 34. Bxa4
Kd8 35. Bb3 Kc7 36. Bd5 Ba7 37. c6 Bb8 38. Kf1 Kd6 39. Bf3 Kc5 40. Ke1 Kc4 41.
Kd2 h6 42. a4 g5 43. a5 Kb5 44. Kd3 h5 45. Kd4 h4 46. Kd5 hxg3 47. hxg3 g4 48.
Be2+ Kxa5 49. Ke6 f4 50. gxf4 Bxf4 51. Bxg4 Kb6 52. Kd7 Bh2 53. Kc8 {Black
resigns} 1-0

[Event "Team 45 45 League T66"]
[Site "Internet Chess Club"]
[Date "2015.10.03"]
[Round "5"]
[White "CaptK"]
[Black "ChessRooklift"]
[Result "0-1"]
[WhiteElo "1885"]
[BlackElo "1874"]
[Opening "Dutch"]
[ECO "A80"]
[Time "21:00:16"]
[TimeControl "2700+45"]

1. d4 f5 2. Nf3 Nf6 3. c4 e6 4. e3 b6 5. Nc3 Bb7 6. g3 Be7 7. Bg2 O-O 8. O-O d6
9. b4 Ne4 10. Nxe4 Bxe4 11. a3 Bf6 12. Bb2 Nd7 13. Qd2 Qe7 14. Rfc1 Rad8 15. Ne1
Bxg2 16. Kxg2 e5 17. Nd3 exd4 18. exd4 Bxd4 19. Nf4 Bxb2 20. Qxb2 Ne5 21. Re1
Qf7 22. Qc3 Rde8 23. c5 g5 24. Nh3 Qd5+ 25. f3 Nxf3 26. Qxf3 Qxf3+ 27. Kxf3 g4+
28. Kg2 gxh3+ 29. Kxh3 Rxe1 30. Rxe1 Kf7 31. cxd6 cxd6 32. Rc1 Ke6 33. Kh4 f4
34. Rf1 Ke5 35. Re1+ Kd4 36. gxf4 Rxf4+ 37. Kg3 Re4 38. Rd1+ Ke5 39. Rd3 d5 40.
Kf3 d4 41. a4 Kd5 42. a5 b5 43. a6 Re3+ 44. Rxe3 dxe3 45. Kxe3 Kc4 46. h4 Kxb4
47. h5 Kc3 48. Kf4 b4 49. Kg5 b3 50. Kh6 b2 51. Kxh7 b1=Q+ 52. Kg7 Kc4 53. h6
Kb5 54. h7 Kxa6 55. h8=Q Qa1+ 56. Kh7 Qxh8+ 57. Kxh8 Kb5 58. Kg7 a5 59. Kf6 Kc4
60. Ke5 a4 61. Ke4 a3 62. Ke3 Kc3 63. Ke2 Kc2 64. Ke3 a2 65. Kf3 a1=Q 66. Kg2
Qf6 {White resigns} 0-1

[Event "Team 45 45 League T66"]
[Site "Internet Chess Club"]
[Date "2015.10.03"]
[Round "5"]
[White "spand42"]
[Black "SlimeDog2"]
[Result "1-0"]
[WhiteElo "2020"]
[BlackElo "2059"]
[Opening "Giuoco Pianissimo"]
[ECO "C50"]
[Time "18:04:23"]
[TimeControl "2700+45"]

1. e4 e5 2. Nf3 Nc6 3. Bc4 Bc5 4. d3 Nf6 5. O-O d6 6. c3 Bb6 7. h3 Ne7 8. Ng5
O-O 9. Qb3 Qe8 10. Be3 h6 11. Nf3 Ng6 12. a4 Be6 13. Nbd2 Bxc4 14. Nxc4 Qe6 15.
Qc2 Bxe3 16. Nxe3 Nf4 17. Kh2 g6 18. Ng1 Qe7 19. g3 Ne6 20. a5 c6 21. f4 exf4
22. gxf4 Nh5 23. f5 Nef4 24. Rf3 d5 25. Ng4 dxe4 26. dxe4 Rae8 27. e5 Qg5 28.
Raf1 gxf5 29. Qxf5 Rxe5 30. Qxe5 {Black resigns} 1-0

[Event "Team 45 45 League T66"]
[Site "Internet Chess Club"]
[Date "2015.10.04"]
[Round "5"]
[White "jt2000"]
[Black "Gilligan"]
[Result "1-0"]
[WhiteElo "2050"]
[BlackElo "1990"]
[Opening "Giuoco Piano"]
[ECO "C54"]
[Time "20:00:44"]
[TimeControl "2700+45"]

1. e4 e5 2. Nf3 Nc6 3. Bc4 Bc5 4. c3 Nf6 5. d4 exd4 6. cxd4 Bb4+ 7. Bd2 Bxd2+ 8.
Nbxd2 d5 9. exd5 Nxd5 10. O-O O-O 11. Rc1 Bg4 12. h3 Bh5 13. Bxd5 Qxd5 14. Qa4
Bxf3 15. Nxf3 Rad8 16. Rc5 Qd7 17. Rfc1 Nxd4 18. Qxd4 Qxd4 19. Nxd4 Rxd4 20. Rb5
b6 21. Rxc7 Ra4 22. a3 g6 23. Rd5 Ra5 24. Rxa5 bxa5 25. Rxa7 Rb8 26. Rxa5 Rxb2
27. Re5 h5 28. h4 Kg7 29. Kf1 Ra2 30. Re3 f6 31. f4 Ra1+ 32. Kf2 Ra2+ 33. Kf3 g5
34. fxg5 fxg5 35. hxg5 Kg6 36. Re6+ Kxg5 37. Ra6 Kf5 38. Ra5+ Kg6 39. a4 Ra3+
40. Kf4 h4 41. Ra6+ Kg7 42. Kg4 Rg3+ 43. Kxh4 Rxg2 44. a5 Rg1 45. Ra8 Rg2 46. a6
Rg1 47. Ra7+ Kg8 48. Rb7 Ra1 49. a7 {Black resigns} 1-0

[Event "Team 45 45 League T66"]
[Site "Internet Chess Club"]
[Date "2015.10.03"]
[Round "5"]
[White "JPSVI"]
[Black "cysk"]
[Result "0-1"]
[WhiteElo "1582"]
[BlackElo "1825"]
[Opening "Dutch defense"]
[ECO "A90"]
[Time "22:03:36"]
[TimeControl "2700+45"]

1. d4 f5 2. g3 Nf6 3. Bg2 e6 4. c4 d5 5. Nf3 Bd6 6. Bf4 Bxf4 7. gxf4 O-O 8. e3
c6 9. O-O Ne4 10. Nc3 Nd7 11. Qb3 Nb6 12. Nxe4 fxe4 13. Nd2 Rf6 14. f3 exf3 15.
Rxf3 Rh6 16. Rc1 e5 17. dxe5 dxc4 18. Nxc4 Nxc4 19. Qxc4+ Be6 20. Qc2 Qh4 21.
Bf1 Rg6+ 22. Kh1 Kh8 23. Bc4 Bh3 24. Rf2 Rf8 25. Rg1 Bf5 26. Qe2 Be4+ 27. Rf3
Rxg1+ 28. Kxg1 Qg4+ {White resigns} 0-1

[Event "Team 45 45 League T66"]
[Site "Internet Chess Club"]
[Date "2015.10.02"]
[Round "5"]
[White "Goli"]
[Black "LiangLiang"]
[Result "0-1"]
[WhiteElo "1622"]
[BlackElo "1813"]
[Opening "Sicilian: Alapin's variation (2.c3)"]
[ECO "B22"]
[Time "16:30:16"]
[TimeControl "2700+45"]

1. e4 c5 2. c3 d5 3. exd5 Qxd5 4. d4 Nf6 5. Nf3 Nc6 6. Be2 e6 7. Na3 Be7 8. Nb5
Qd8 9. Bf4 Nd5 10. Bg3 a6 11. c4 axb5 12. cxd5 exd5 13. dxc5 Bxc5 14. O-O b4 15.
Qc2 Be7 16. Bb5 Qb6 17. Qe2 Be6 18. Rfd1 O-O 19. Bxc6 bxc6 20. Nd4 c5 21. Nxe6
Qxe6 22. Qf3 Rfd8 23. Re1 Qf6 24. Qe3 Bd6 25. Bxd6 Qxd6 26. b3 c4 27. bxc4 dxc4
28. Qf3 c3 29. Red1 Qc7 30. Rdc1 Ra3 31. Qe4 Qd6 32. g3 g6 33. Qc2 Qd2 34. Qb1
b3 35. axb3 Rxa1 36. Qxa1 c2 37. Qb2 Qxc1+ {White resigns} 0-1

[Event "Team 45 45 League T66"]
[Site "Internet Chess Club"]
[Date "2015.10.04"]
[Round "5"]
[White "Zkid"]
[Black "Intemperate"]
[Result "1/2-1/2"]
[WhiteElo "2310"]
[BlackElo "2116"]
[Opening "Sicilian: Kan, 5.Nc3"]
[ECO "B43"]
[Time "12:17:55"]
[TimeControl "2700+45"]

1. e4 c5 2. Nf3 e6 3. d4 cxd4 4. Nxd4 a6 5. Nc3 b5 6. Bd3 Bb7 7. O-O Nf6 8. e5
Nd5 9. Nxd5 Bxd5 10. Qg4 h5 11. Qg3 h4 12. Qg4 h3 13. g3 Qc7 14. Re1 Nc6 15.
Nxc6 Qxc6 16. a4 b4 17. Bd2 Qb7 18. Rac1 a5 19. Be4 Rc8 20. c4 Bxe4 21. Qxe4
Qxe4 22. Rxe4 Bc5 23. Rg4 Rh7 24. Rd1 f5 25. exf6 gxf6 26. Re4 f5 27. Re2 Rc6
28. Kf1 Bb6 29. b3 Rd6 30. Ke1 Bd4 31. Bf4 Bc3+ 32. Bd2 Bd4 33. Bf4 Bc3+ 34. Bd2
{Game drawn by mutual agreement} 1/2-1/2

[Event "Team 45 45 League T66"]
[Site "Internet Chess Club"]
[Date "2015.10.05"]
[Round "5"]
[White "Froggy"]
[Black "gtmorton"]
[Result "0-1"]
[WhiteElo "2052"]
[BlackElo "2042"]
[Opening "English: Mikenas-Carls, Sicilian variation"]
[ECO "A19"]
[Time "15:02:04"]
[TimeControl "2700+45"]

1. c4 e6 2. Nc3 Nf6 3. e4 c5 4. e5 Ng8 5. Nf3 Nc6 6. d4 cxd4 7. Nxd4 Qc7 8. Ndb5
Qxe5+ 9. Qe2 Qb8 10. Nd5 Bd6 11. Nxd6+ Qxd6 12. Bf4 e5 13. O-O-O Nge7 14. Be3
Nxd5 15. Rxd5 Qe6 16. Bc5 b6 17. Rd6 Qf5 18. g4 Qg5+ 19. f4 Qh4 20. Ba3 Bb7 21.
Bg2 O-O-O 22. f5 f6 23. c5 h5 24. h3 hxg4 25. hxg4 Qg5+ 26. Kb1 Rxh1+ 27. Bxh1
Rh8 28. Qd1 Rxh1 29. Qxh1 Qxg4 30. cxb6 axb6 31. Qf1 Kc7 32. Rd3 Ba6 {White
forfeits on time} 0-1

[Event "Team 45 45 League T66"]
[Site "Internet Chess Club"]
[Date "2015.10.04"]
[Round "5"]
[White "Gilligan"]
[Black "RRK"]
[Result "1-0"]
[WhiteElo "2019"]
[BlackElo "2352"]
[Opening "English opening"]
[ECO "A10"]
[Time "22:01:01"]
[TimeControl "2700+45"]

1. c4 g6 2. g3 Bg7 3. Bg2 d6 4. Nc3 Nf6 5. e4 O-O 6. Nge2 Nbd7 7. O-O e5 8. d3
c6 9. h3 a5 10. Be3 Ne8 11. Qd2 f5 12. exf5 gxf5 13. f4 Ndf6 14. Rad1 Be6 15. b3
Nc7 16. Bb6 Nd7 17. Be3 Nf6 18. Na4 Nd7 19. Nb6 Ra6 20. Nxd7 Qxd7 21. fxe5 dxe5
22. d4 e4 23. g4 fxg4 24. Rxf8+ Bxf8 25. Bxe4 gxh3 26. Kh1 Bf5 27. Rg1+ Kh8 28.
Qd3 Bxe4+ 29. Qxe4 a4 30. Bf4 Ne8 31. Be5+ Bg7 32. b4 Rb6 33. Nf4 Qf7 34. Ne6
{Black forfeits on time} 1-0

[Event "Team 45 45 League T66"]
[Site "Internet Chess Club"]
[Date "2015.10.04"]
[Round "5"]
[White "gump12345"]
[Black "Regista"]
[Result "0-1"]
[WhiteElo "1959"]
[BlackElo "2181"]
[Opening "Caro-Kann: advance variation"]
[ECO "B12"]
[Time "18:00:49"]
[TimeControl "2700+45"]

1. e4 c6 2. d4 d5 3. e5 Bf5 4. Nf3 e6 5. Be2 Ne7 6. O-O Nd7 7. Be3 h6 8. Nbd2
Bh7 9. c4 dxc4 10. Nxc4 Nd5 11. Bd3 Bxd3 12. Qxd3 Be7 13. Rac1 O-O 14. Nfd2 b5
15. Na3 Qb6 16. Ne4 Rfd8 17. Rfd1 Rac8 18. h3 a6 19. Nb1 Qb8 20. Bd2 Qb6 21. Be1
c5 22. dxc5 Nxc5 23. Nxc5 Bxc5 24. Qc2 Rc7 25. Nc3 Rcd7 26. Nxb5 Qxb5 27. Qxc5
Qxb2 28. Qa5 Qxe5 29. Qxa6 Nf4 30. Rxd7 Rxd7 31. Qc8+ Kh7 32. Qxd7 Ne2+ 33. Kf1
Nxc1 34. Qd2 Qb5+ 35. Kg1 Ne2+ 36. Kh1 e5 37. Qc2+ g6 38. a4 Qa6 39. Qe4 Nd4 40.
Qxe5 Qf1+ 41. Kh2 Ne2 42. h4 Qg1+ 43. Kh3 Qxe1 44. Qf6 Qh1+ {White resigns} 0-1

[Event "Team 45 45 League T66"]
[Site "Internet Chess Club"]
[Date "2015.10.05"]
[Round "5"]
[White "Pomberito"]
[Black "Monterrey"]
[Result "1/2-1/2"]
[WhiteElo "2003"]
[BlackElo "1932"]
[Opening "French: exchange variation"]
[ECO "C01"]
[Time "21:00:20"]
[TimeControl "2700+45"]

1. e4 e6 2. d4 d5 3. exd5 exd5 4. Nf3 Nc6 5. c4 Bb4+ 6. Nc3 Bg4 7. Be2 Nge7 8.
O-O O-O 9. a3 Bxc3 10. bxc3 dxc4 11. Bxc4 Qd6 12. Rb1 Nd5 13. Bd2 Rad8 14. Rb5
Nb6 15. Bd3 h6 16. h3 a6 17. hxg4 axb5 18. g5 h5 19. Bxb5 Qd5 20. Bxc6 bxc6 21.
Ne5 g6 22. g4 h4 23. Qe2 Rfe8 24. f4 Kg7 25. Be1 h3 26. Kh2 Nc4 27. Kxh3 Nxe5
28. fxe5 Rh8+ 29. Kg3 Rh1 30. Rxh1 Qxh1 31. Qf2 Qd5 32. Qf6+ Kg8 33. Bf2 Ra8 34.
Qe7 Qd8 35. Qc5 Qd5 36. Qe7 Qd8 37. Qc5 Qd5 38. Qe7 {Game drawn by repetition}
1/2-1/2

[Event "Team 45 45 League T66"]
[Site "Internet Chess Club"]
[Date "2015.10.04"]
[Round "5"]
[White "xwang1"]
[Black "CHENENE"]
[Result "1/2-1/2"]
[WhiteElo "2091"]
[BlackElo "2242"]
[Opening "Sicilian: Pelikan, Chelyabinsk variation"]
[ECO "B33"]
[Time "11:12:09"]
[TimeControl "2700+45"]

1. e4 c5 2. Nf3 Nc6 3. d4 cxd4 4. Nxd4 Nf6 5. Nc3 e5 6. Ndb5 d6 7. Bg5 a6 8. Na3
b5 9. Nd5 Be7 10. Bxf6 Bxf6 11. c3 O-O 12. Nc2 Bg5 13. a4 bxa4 14. Rxa4 a5 15.
Bc4 Kh8 16. Nce3 Be6 17. b3 Bxe3 18. Nxe3 Qc7 19. O-O Ne7 20. Qa1 Bd7 21. Ra2
Bc6 22. Nd5 Nxd5 23. exd5 Bd7 24. Rd1 Rfb8 25. Ra3 g6 26. Bf1 Qb7 27. Qc1 Kg7
28. Qe3 Rc8 29. g3 Qc7 30. Rc1 Rab8 31. Ba6 Rf8 32. Rca1 f5 33. Be2 f4 34. gxf4
Rxf4 35. Rxa5 Rxb3 36. Ra7 Qc8 37. Bd1 Rb2 38. Ba4 Rf7 39. Bxd7 Rxd7 40. Rxd7+
Qxd7 41. Ra7 Rb7 42. Rxb7 Qxb7 43. c4 h5 44. Kg2 Qc8 45. Qe4 Qf5 46. Qxf5 gxf5
47. Kg3 Kf7 48. Kh4 Kg6 49. Kg3 Kf7 50. Kh4 {Game drawn by mutual agreement}
1/2-1/2

[Event "Team 45 45 League T66"]
[Site "Internet Chess Club"]
[Date "2015.10.04"]
[Round "5"]
[White "bradleyguo175"]
[Black "kabindra"]
[Result "0-1"]
[WhiteElo "1655"]
[BlackElo "1832"]
[Opening "King's Indian: orthodox, Aronin-Taimanov, bayonet attack"]
[ECO "E97"]
[Time "10:08:52"]
[TimeControl "2700+45"]

1. d4 Nf6 2. c4 g6 3. Nc3 Bg7 4. e4 d6 5. Be2 O-O 6. Nf3 e5 7. O-O Nc6 8. d5 Ne7
9. b4 Nh5 10. Ne1 Nf4 11. Bf3 Bd7 12. Nd3 f5 13. Qc2 fxe4 14. Nxe4 Nf5 15. Be3
Nh4 16. Ne1 Nxf3+ 17. Nxf3 Bf5 18. Rae1 h6 19. Kh1 Kh7 20. h4 Bg4 21. Ned2 Qf6
22. Bxf4 Qxf4 23. Nh2 Bf5 24. Qc1 Qxh4 25. Nf3 Qh5 26. c5 e4 27. Nd2 Be5 28. g3
Bh3 29. Rg1 Rxf2 30. Rxe4 Bg4 31. Rg2 Rxg2 32. Kxg2 Qh3+ 33. Kg1 Qxg3+ 34. Kf1
Bh3+ 35. Ke2 Qxh2+ 36. Kd3 Bf5 37. Qf1 Rf8 {White resigns} 0-1

[Event "Team 45 45 League T66"]
[Site "Internet Chess Club"]
[Date "2015.10.04"]
[Round "5"]
[White "pcvan"]
[Black "hudson"]
[Result "0-1"]
[WhiteElo "1532"]
[BlackElo "1725"]
[Opening "French defense"]
[ECO "C00"]
[Time "23:02:16"]
[TimeControl "2700+45"]

1. e4 e6 2. Nf3 d5 3. exd5 exd5 4. Nc3 Nf6 5. d4 Be7 6. Bd3 O-O 7. O-O Nbd7 8.
Bg5 Re8 9. Bxf6 Nxf6 10. Re1 Bg4 11. h3 Bh5 12. Qd2 Bxf3 13. gxf3 Qd7 14. Re5
Qxh3 15. Qg5 Bd6 16. Rxe8+ Rxe8 17. Nxd5 Bh2+ 18. Kh1 Bg3+ 19. Kg1 Qh2+ 20. Kf1
Qxf2# {White checkmated} 0-1

[Event "Team 45 45 League T66"]
[Site "Internet Chess Club"]
[Date "2015.10.02"]
[Round "5"]
[White "pokerram"]
[Black "Leon13"]
[Result "1-0"]
[WhiteElo "1767"]
[BlackElo "1393"]
[Opening "Queen's pawn game"]
[ECO "D02"]
[Time "14:00:34"]
[TimeControl "2700+45"]

1. Nf3 d5 2. d4 Bf5 3. c4 Nf6 4. Nc3 e6 5. Bg5 Be7 6. Qb3 b6 7. e3 O-O 8. Bxf6
Bxf6 9. cxd5 exd5 10. Qxd5 Qxd5 11. Nxd5 Bd8 12. Nc3 Nd7 13. Be2 Be7 14. Nd5 Bd8
15. O-O c6 16. Nc3 Bc7 17. Rac1 Rac8 18. Nh4 Bg6 19. Nxg6 fxg6 20. Bf3 c5 21.
Bg4 Rcd8 22. Nb5 Bb8 23. Bxd7 Rxd7 24. dxc5 a6 25. Nd4 bxc5 26. Rxc5 Ba7 27. Rc4
Rfd8 28. Nc6 Re8 29. Nxa7 Rxa7 30. Rd1 h6 31. Rd6 Kh7 32. g3 Ree7 33. a4 Rf7 34.
a5 Rab7 35. b4 Rf3 36. Rxa6 Rbf7 37. Rf4 R3xf4 38. exf4 Rb7 39. Rb6 Ra7 40. a6
Kg8 41. b5 Kh7 42. Rb7 Ra8 43. a7 h5 44. b6 Kh6 45. Rb8 {Black resigns} 1-0